 Dungeon Crawl Stone Soup version 0.30-a0-394-g3e4acdb0ae (webtiles) character file.

Game seed: 6689254130222001624

90 qeuew the Trooper (level 4, -4/33 (40) HPs)
             Began as a Hill Orc Fighter on Dec 6, 2022.
             Was a Follower of Dithmenos.
             Killed from afar by an orc wizard (5 damage)
             ... with a magic dart
             ... on level 2 of the Dungeon.
             The game lasted 00:02:16 (1124 turns).

qeuew the Trooper (Hill Orc Fighter)                Turns: 1124, Time: 00:02:17

HP:   -4/33 (40)    AC:  7    Str: 20    XL:     4   Next: 56%
MP:   4/4           EV:  9    Int:  8    God:    Dithmenos [*.....]
Gold: 56            SH:  4    Dex: 10    Spells: 3/3 levels left

rFire   . . .      SeeInvis .    a - +0 war axe
rCold   . . .      Faith    .    c - +0 buckler
rNeg    . . .      Spirit   .    b - +0 scale mail
rPois   .          Reflect  .    (no helmet)
rElec   .          Harm     .    (no cloak)
rCorr   +          Rampage  .    (no gloves)
Will    .....                    (no boots)
Stlth   ..........               (no amulet)
HPRegen 0.25/turn                f - ring of resist corrosion
MPRegen 0.09/turn                (no ring)

@: wreathed by umbra, heavily drained
A: no striking features
a: Renounce Religion


You were on level 2 of the Dungeon.
You worshipped Dithmenos.
Dithmenos was aware of your devotion.
You visited 1 branch of the dungeon, and saw 2 of its levels.

You collected 56 gold pieces.

Inventory:

Hand Weapons
 a - a +0 war axe (weapon)
Armour
 b - a +0 scale mail (worn)
 c - a +0 buckler (worn)
Jewellery
 f - a ring of resist corrosion (left hand)
Scrolls
 e - 3 scrolls of enchant weapon {unknown}
 g - a scroll of enchant armour {unknown}
 i - a scroll of teleportation {unknown}
 j - a scroll of butterflies {unknown}
Potions
 h - a potion of heal wounds


   Skills:
 + Level 4.2 Fighting
 + Level 3.6 Axes
 + Level 3.9 Armour
 + Level 1.2 Dodging
 + Level 3.8 Shields


You had 3 spell levels left.
You didn't know any spells.
Your spell library contained the following spells:

 Spells                   Type           Power      Damage    Failure   Level
 Tukima's Dance           Hex            0%         N/A       99%         3
 Passage of Golubria      Tloc           0%         N/A       100%        4
 Yara's Violent Unravell  Hex/Tmut       0%         3d3       100%        5


Dungeon Overview and Level Annotations

Branches:
Dungeon (2/15)

Altars:
Dithmenos

Annotations:
D:2 Sigmund


Message History

You hear some strange, mumbled words.
A puff of flame appears from out of thin air!
The puff of flame hits you.
The orc wizard gestures wildly while chanting.
The orc wizard flickers and vanishes!
Something hits you but does no damage.
You feel drained.
Things that are here:
a +0 club; 5 stones Unknown command.
You feel less confused. Something hits you.
You hear some strange, mumbled words.
A magic dart appears from out of thin air!
The magic dart hits you!
You hit something. Dithmenos accepts your kill.
Reactivating autopickup.
You feel a bit more experienced.
You hit something but do no damage.
You hear some strange, mumbled words.
A magic dart appears from out of thin air!
Deactivating autopickup; reactivate with Ctrl-A.
The magic dart hits you.
* * * LOW HITPOINT WARNING * * *
You barely miss something. Something hits you.
* * * LOW HITPOINT WARNING * * *
You feel drained. Something hits you but does no damage.
You feel drained.
You barely miss something. Something hits you.
* * * LOW HITPOINT WARNING * * *
You feel drained.
* * * LOW HITPOINT WARNING * * *
Unknown command.
You completely miss something.
You hear some strange, mumbled words.
A puff of flame appears from out of thin air!
The puff of flame hits you.
* * * LOW HITPOINT WARNING * * *
You hear some strange, mumbled words.
A magic dart appears from out of thin air!
The magic dart hits you.
You die...

.........#...........[$#
#..........##..........#
##.....................#
##............!........#
##).....<...........[..#
##..............)......#
##...............))....#.
##.........>....{........
................@......##
#.....[..................
##..##............#......
#..###.....#.............
#..# #..#............>..
#..# ##.))..........#....
#..###...รท)...........#.#
...##.....#..........#
........#.#.........


There were no monsters in sight!

Vanquished Creatures
  An orc wizard (D:2)
  Terence (D:2)
  An adder (D:2)
  2 orcs (D:2)
  3 ball pythons (D:1)
  A bat (D:1)
  4 endoplasms
  2 giant cockroaches
  3 goblins (D:2)
  4 hobgoblins
  2 kobolds
  A quokka (D:2)
  A frilled lizard (D:1)
  4 rats
30 creatures vanquished.

Notes
Turn   | Place    | Note
-------+----------+-------------------------------------------
     0 | D:1      | qeuew the Hill Orc Fighter began the quest for the Orb.
     0 | D:1      | Reached XP level 1. HP: 19/19 MP: 1/1
    91 | D:1      | Reached XP level 2. HP: 25/27 MP: 2/2
   690 | D:2      | Noticed Sigmund
   774 | D:2      | Found a faded altar of an unknown god.
   821 | D:2      | Prayed at the altar of an unknown god.
   821 | D:2      | Became a worshipper of Dithmenos the Shadowed
   821 | D:2      | Reached * piety under Dithmenos
   864 | D:2      | Reached XP level 3. HP: 26/33 MP: 3/3
   873 | D:2      | Reached skill level 4 in Fighting
   953 | D:2      | Noticed Terence
   964 | D:2      | Killed Terence
   965 | D:2      | Reached skill level 1 in Dodging
   965 | D:2      | Reached XP level 4. HP: 10/40 MP: 4/4
  1124 | D:2      | HP: 1/33 [something/puff of flame (6)]
  1124 | D:2      | Killed from afar by an orc wizard

Illustrated notes

Levels and vault maps discovered:
D:1:      dpeg_arrival_water_temple_mockup, layout_loops_ring
D:2:      layout_rooms, shapermc_ecumenical_altar_mp_vishouse, uniq_sigmund,
          uniq_terence, uniq_natasha

Skill      XL: |  1  2  3 |
---------------+----------+-----
Axes           | 3 |  3.6
Fighting       | 4 |  4.2
Dodging        | 1 |  1.2
Armour         | |  3.9
Shields        | |  3.8

Action                   |  1- 3 |  4- 6 || total
-------------------------+-------+-------++-------
Melee: War axe           |    72 |    12 ||    84
  Use: Scroll            |     5 |       ||     5
       Potion            |     1 |       ||     1
Armor: Scale mail        |    24 |    12 ||    36
Dodge: Dodged            |    34 |     5 ||    39
Block: Buckler           |    23 |     3 ||    26

Table legend: (Time is in decaauts)
 A = Elapsed time spent in this place.
 B = Non-inter-level travel time spent in this place.
 C = Inter-level travel time spent in this place.
 D = Time resting spent in this place.
 E = Time spent auto-exploring this place.
 F = Levels seen in this place.
 G = Mean time per level.
                   A        B        C        D        E       F      G
               +--------+--------+--------+--------+--------+-----+--------+
         Total |   1155 |   1080 |     75 |      0 |    847 |   2 |  577.5 |
       Dungeon |   1155 |   1080 |     75 |      0 |    847 |   2 |  577.5 |
               +--------+--------+--------+--------+--------+-----+--------+

Top non-repeatable levels by time:
     D:1: 759 daAuts
     D:2: 396 daAuts
